← All builds
Suicide front / Armada / Factory first / OBSERVED BUILD

Standard suicide front

Armada Suicide front build order · Supreme Isthmus

The role's baseline: Bot Lab at 0:21 then straight into reclaim-fed T1 bot production to contest the middle and hold until T2 arrives, with an Advanced Metal Extractor around 9:45.

#rush · 2010 distinct matches · 229 players · 72% of Armada Suicide front games · team won 59% of 2383 · Recently observed

HOW TO PLAY IT

Key timing: Bot Lab by 0:20

  1. Open with mex and lab-first to get Bot Lab up by 0:20.
  2. Expand mex and wind while lab pumps units toward middle.
  3. Push Sentry and early Rocketeer, Centurion to contest middle.
  4. Get T2 constructor out once Pond's boost lets you spare metal.
  5. Upgrade mex to Advanced Metal Extractor as you transition off T1 spam.

Phase by phase

TYPICAL OF ITS 2010 GAMES
  1. 1
  2. 2
  3. 3
PLAY THE OPENING

Follow the example game's first 6:00 step by step: what to build now, what comes next, and where it goes. At 1× it keeps pace with your own game.

  1. 1

    Bot Lab first

    Order
    1. Bot LabBot Lab done ~0:21, middle half 0:20–0:33

    Some games also: mex (44%)

  2. 2

    Bot Lab to 5:00

    Economy
    • Metal Extractor5Mex
    • Wind Turbine4Wind
    Builders
    • Construction Bot3 Con bot
    • Lazarus2 Lazarus
    Army
    • Sentry4 Sentry
    • Rocketeer16 Rocketeer
    • Tick2 Tick
    • Centurion1 Centurion
    Other
    • Radar Tower1 Radar Tower

    Some games also: pawn (38%) · con turret (34%)

    By 5:00 in all: 5 mex · 4 wind

    The example game in this phase · 38 steps
    1. TickTick
    2. Mex
    3. LazarusLazarus
    4. Mex
    5. Wind ×2
    6. CenturionCenturion
    7. Wind
    8. SentrySentry
    9. Construction BotCon bot
    10. Mex
    11. Construction BotCon bot
    12. SentrySentry
    13. PawnPawn
    14. LazarusLazarus
    15. Mex ×2
    16. PawnPawn ×4
    17. SentrySentry
    18. PawnPawn ×4
    19. RocketeerRocketeer ×2
    20. SentrySentry
    21. RocketeerRocketeer ×2
    22. Dragon's TeethDragon's Teeth ×4
    23. RocketeerRocketeer
    24. Dragon's TeethDragon's Teeth
    25. RocketeerRocketeer
    26. Dragon's TeethDragon's Teeth
    27. SentrySentry
    28. RocketeerRocketeer ×2
    29. SentrySentry
    30. RocketeerRocketeer
    31. Construction BotCon bot
    32. SentrySentry
    33. RocketeerRocketeer ×2
    34. Dragon's TeethDragon's Teeth ×2
    35. RocketeerRocketeer ×2
    36. Solar
    37. Dragon's TeethDragon's Teeth ×3
    38. RocketeerRocketeer ×2
  3. 3

    5:00 to 10:00

    Economy
    • Metal Extractor1Mex
    • Wind Turbine15Wind
    Builders
    • Construction Turret2 Con turret
    • Lazarus2 Lazarus
    • Construction Bot1 Con bot
    Army
    • Sentry1 Sentry
    • Rocketeer8 Rocketeer

    Some games also: pawn (49%) · Radar Tower (46%) · tick (45%) · centurion (44%) · energy storage (43%) · eat Bot Lab (31%)

    By 10:00 in all: 6 mex · 21 wind · 1 energy storage · 2 con turret

    The example game in this phase · 92 steps
    1. Dragon's TeethDragon's Teeth ×2
    2. RocketeerRocketeer
    3. Dragon's TeethDragon's Teeth ×2
    4. RocketeerRocketeer
    5. Con turret
    6. RocketeerRocketeer ×2
    7. Solar
    8. RocketeerRocketeer ×2
    9. OverwatchOverwatch
    10. RocketeerRocketeer
    11. Solar
    12. Dragon's TeethDragon's Teeth ×2
    13. LazarusLazarus
    14. Dragon's TeethDragon's Teeth
    15. RocketeerRocketeer
    16. Dragon's TeethDragon's Teeth
    17. GauntletGauntletdone 7:35
    18. RocketeerRocketeer
    19. Dragon's TeethDragon's Teeth ×2
    20. RocketeerRocketeer
    21. SentrySentry
    22. PawnPawn ×2
    23. Solar
    24. PawnPawn
    25. Mex
    26. PawnPawn
    27. Solar
    28. PawnPawn ×5
    29. Sneaky PeteSneaky Pete
    30. Mex
    31. PawnPawn
    32. Con turret
    33. PawnPawn
    34. Advanced Metal ExtractorT2 mexdone 9:22 · typical 9:46
    35. PawnPawn ×3
    36. Solar
    37. PawnPawn
    38. Solar
    39. PawnPawn
    40. Advanced Metal ExtractorT2 mex
    41. Solar
    42. PawnPawn ×2
    43. Solar
    44. PawnPawn
    45. Solar
    46. LazarusLazarus
    47. Advanced Metal ExtractorT2 mex
    48. PawnPawn ×3
    49. Mex
    50. PawnPawn
    51. SentrySentry
    52. PawnPawn ×2
    53. SentrySentry
    54. PawnPawn
    55. Advanced Metal ExtractorT2 mex
    56. PawnPawn ×2
    57. Mex
    58. PawnPawn
    59. SentrySentry
    60. Construction BotCon bot
    61. SentrySentry
    62. Solar
    63. Construction BotCon bot ×2
    64. PawnPawn
    65. Energy storage
    66. PawnPawn
    67. Energy storage
    68. PawnPawn
    69. Con turret
    70. PawnPawn ×2
    71. RattlesnakeRattlesnakenot finished by 15:00
    72. PawnPawn
    73. Advanced solar
    74. PawnPawn
    75. Con turret
    76. Advanced solar
    77. PawnPawn
    78. RattlesnakeRattlesnake
    79. BeamerBeamer
    80. PawnPawn
    81. Advanced solar
    82. PawnPawn ×2
    83. Dragon's TeethDragon's Teeth
    84. PawnPawn
    85. BeamerBeamer
    86. PawnPawn ×2
    87. BeamerBeamer
    88. PawnPawn ×2
    89. BeamerBeamer
    90. Con turret ×2
    91. BeamerBeamer ×3
    92. Advanced Bot LabAdvanced Bot Labnot finished by 15:00

Counts are medians over the build's games: half of them build more, half fewer. The example game is [MADO]MyDude's (32 OS, 02/10/2026); pick another.

Team trades

IN AT LEAST 30% OF ITS GAMES

You hand over

Nothing regular.

You get

  • Tidal Generator4 Tidal from Pondfirst at 0:10 · in 68% of games
  • Advanced Construction Bot1 T2 con bot from Geo or Techfirst at 7:41 · in 57% of games

How it plays out

Typical game of this build, running totals by minute

Metal produced

010k20k
0:005:0010:0015:00

metal

Enemy metal destroyed

05k10k
0:005:0010:0015:00

metal

Own metal lost

05k10k
0:005:0010:0015:00

metal

2383 games.

Show as table
ByMetal produced: This buildEnemy metal destroyed: This buildOwn metal lost: This build
1:0023000
2:0088700
3:002009184130
4:003110645501
5:00418513571000
6:00534921831712
7:00653930512597
8:00776039393502
9:00904647004376
10:001041853145163
11:001189458585965
12:001360664076686
13:001540768797437
14:001729875058212
15:001926981098991
WHAT THE NUMBERS SAY

Standard Suicide front play wins a bit over half its games while taking the heaviest own losses of any role by 15:00.

  • + Produces 20142 metal by 15:00, highest of the front roles.
  • + First kill by 2:01 in all games, fastest contest of middle.
  • − Own metal lost hits 9178 by 15:00, more than enemy metal destroyed.
  • − Only 34% Rocketeer share shows army spread thin across many bot types.
THE EXAMPLE YOU ARE READING

[MADO]MyDude

31.5 OS · 02/10/2026

Open source match ↗

5 received units · includes a constructor
38 metal received · 47826 energy received

Allied construction assistance is unknown. Timings are observations, not a promise of solo reproducibility.

Typical milestones

Bot Lab0:21Middle 50%: 0:20–0:33 · n=2375
Advanced Metal Extractor9:46Middle 50%: 8:50–10:58 · n=1723

Played most by

_X_262games of this buildPlatinumBlonde188games of this buildXad166games of this buildTrapCaT107games of this buildImmort80games of this build